 Dungeon Crawl Stone Soup version 0.32-a0-656-g3542139ebd (webtiles) character file.

Game seed: 18179524983024212735

1283 kae the Carver (level 8, -6/56 HPs)
             Began as a Coglin Gladiator on Mar 8, 2024.
             Was a Follower of Okawaru.
             Mangled by a troll (7 damage)
             ... on level 6 of the Dungeon.
             The game lasted 00:04:17 (6125 turns).

kae the Carver (Coglin Gladiator)                   Turns: 6125, Time: 00:04:17

Health: -6/56      AC:  4    Str: 14    XL:     8   Next: 54%
Magic:  8/8        EV: 12    Int:  7    God:    Okawaru [*.....]
Gold:   40         SH:  0    Dex: 19    Spells: 7/7 levels left

rFire   . . .        a - +0 long sword (vamp) {Bo}
rCold   . . .        j - +0 falchion (heavy) {Jacinta}
rNeg    . . .        b - +0 leather armour
rPois   .            x - +0 helmet
rElec   .            (no cloak)
rCorr   .            (no gloves)
SInv    .            (no boots)
Will    .....        (amulet unavailable)
Stlth   +            (ring unavailable)
HPRegen 0.29/turn    (ring unavailable)
MPRegen 0.11/turn    (no gizmo)

%: no passive effects
@: revved
A: off-hand wielding, slow wielding, warmup strikes, no jewellery
a: Invent Gizmo, Renounce Religion, Heroism


You were on level 6 of the Dungeon.
You worshipped Okawaru.
Okawaru was aware of your devotion.
You visited 2 branches of the dungeon, and saw 7 of its levels.

You collected 178 gold pieces.
You spent 138 gold pieces at shops.


Innate Abilities, Weirdness & Mutations

You can wield a second weapon in your off-hand.
It takes a long time for you to wield or remove held weapons.
Your first few attacks do less damage.
You cannot equip rings or amulets.


   Skills:
 - Level 2.0 Fighting
 + Level 10.5 Long Blades
 - Level 1.7 Throwing
 - Level 2.6 Dodging


You had 7 spell levels left.
You didn't know any spells.
Your spell library contained the following spells:

 Spells                   Type           Power      Damage    Failure   Level
 Foxfire                  Conj/Fire      0%         2x1d4     52%         1
 Lesser Beckoning         Tloc           0%         N/A       65%         2
 Searing Ray              Conj           0%         2d4       65%         2
 Gell's Gravitas          Tloc           0%         N/A       87%         3
 Hailstorm                Conj/Ice       0%         3d5       87%         3
 Teleport Other           Tloc           0%         N/A       87%         3
 Brom's Barrelling Bould  Conj/Erth      0%         2d3       99%         4
 Passage of Golubria      Tloc           0%         N/A       99%         4
 Yara's Violent Unravell  Hex/Alch       0%         3d3       100%        5
 Summon Ice Beast         Ice/Summ       Unusable   N/A       N/A         3
 Tukima's Dance           Hex            Unusable   N/A       N/A         3
 Martyr's Knell           Necr/Summ      Unusable   N/A       N/A         4
 Summon Forest            Summ/Tloc      Unusable   N/A       N/A         5
 Sculpt Simulacrum        Ice/Alch       Unusable   N/A       N/A         6

Inventory:

Hand Weapons
 a - a +0 vampiric long sword (weapon) {Bo}
 f - a +0 dagger {Suthep}
 j - a +0 heavy falchion (offhand) {Jacinta}
   (You found it on level 1 of the Dungeon)
Missiles
 d - 3 throwing nets (quivered) {=f!f}
 e - a javelin
 g - 20 stones
 n - 7 boomerangs
 p - 3 datura-tipped darts
 r - 6 atropa-tipped darts
 A - 3 poisoned darts
Armour
 b - a +0 leather armour (worn)
 x - a +0 helmet (worn)
Magical Staves
 k - a staff of conjuration {!a}
   (You found it on level 2 of the Dungeon)
Jewellery
 c - a ring of ice
   (You found it on level 4 of the Dungeon)
 C - a ring of ice
   (You found it on level 2 of the Dungeon)
 P - a ring of poison resistance
   (You found it on level 2 of the Dungeon)
 S - a +6 ring of strength
   (You found it on level 4 of the Dungeon)
 W - a ring of magical power
   (You found it on level 4 of the Dungeon)
Wands
 m - a wand of mindburst (8)
   (You found it on level 4 of the Dungeon)
 u - a wand of warping (8)
   (You found it on level 4 of the Dungeon)
Scrolls
 o - a scroll of fog
 w - a scroll of blinking {!r}
 y - 3 scrolls of identify {@r1}
 B - a scroll of teleportation {@r4}
Potions
 h - a potion of cancellation
 i - a potion of curing {@q1}
 l - 2 potions of might
 q - 2 potions of attraction {!q}
 s - 2 potions of brilliance
 t - a potion of mutation {!q}
 v - a potion of ambrosia {unknown}
 z - a potion of haste {unknown}

Dungeon Overview and Level Annotations

Branches:
Dungeon (6/15) Zot: 26595  Temple (1/1) D:5 Zot: 5959

Altars:
Ashenzari
Cheibriados
Elyvilon
Hepliaklqana
Okawaru
Qazlal
Ru
Sif Muna
Uskayaw
Vehumet
Xom
Yredelemnul
Zin
The Shining One

Shops:
D:5 ?

Annotations:
D:3 4 runed translucent doors, Crazy Yiuf; Nilihum's ghost, amateur CoAr; Sigmund
D:4 Duvessa

#..#......................
#..#......................
#..#......................
'..#......................
#..#.........T.......)....
####......................
..........................
....##############)#
....'......#....@T.#
....#..............#
....#.....#.......##
....#.....#≈.....≈#
....#...###≈≈...≈≈#
....#...####≈≈♣≈≈##
....#......#######
....#.......#####
....#...........#


You could see a troll.


Message History

You hit the adder but do no damage.
You miss the adder with your +0 vampiric long sword.
You feel sick. The adder bites you.
You are more poisoned.
The adder poisons you! 😮 HP[-3]
You take 3 damage, and now have 30/56 hp.
You slash the adder with your +0 heavy falchion!
You kill the adder!
Okawaru accepts your kill.
You feel very sick. 😨 HP[-3]
You take 3 damage, and now have 27/56 hp.
You feel sick.
You see here an adder corpse. 😨 HP[-2]
You take 2 damage, and now have 25/56 hp.
You feel sick. 😨 HP[-2]
You take 2 damage, and now have 23/56 hp.
You start resting.
You feel sick. x7
You are no longer poisoned. 😨 HP[-6]
You take 6 damage, and now have 17/56 hp.
z - a bubbling inky potion 😕 HP[+31]
You regained 31 hp, and now have 48/56 hp.
You open the door.
There is an open door here.
There is an open door here.
B - a scroll of teleportation {@r4} 😎 HP[+8]
Your hp is fully restored (56).
You open the door.
An ogre comes into view. It is wielding a +0 giant club.
The ogre shouts!
An ogre is nearby!
An ogre is nearby!
You barely miss the ogre with your +0 vampiric long sword.
You slash the ogre with your +0 heavy falchion!
The ogre completely misses you.
You hit the ogre with your +0 vampiric long sword.
You barely miss the ogre with your +0 heavy falchion.
You slash the ogre with your +0 heavy falchion!
You slash the ogre with your +0 vampiric long sword!
You kill the ogre!
Okawaru accepts your kill.
No target in view!
No target in view!
No target in view!
Unknown command.
A troll comes into view.
The troll shouts!
There is an open door, spattered with blood here.
You see here a +0 giant club.
A troll is nearby!
A troll is nearby!
You start waiting.
A troll is nearby!
You hit the troll but do no damage. x2; The troll completely misses you.
The troll closely misses you. The troll barely misses you.
You slash the troll with your +0 heavy falchion!
You closely miss the troll with your +0 vampiric long sword.
The troll bites you. The troll claws you but does no damage.
The troll misses you. 😕 HP[-1]
You take 1 damage, and now have 55/56 hp.
You hit the troll with your +0 vampiric long sword.
You completely miss the troll with your +0 heavy falchion.
The troll bites you! The troll misses you. The troll claws you.
You are too injured to fight recklessly! 😮 HP[-18]
You take 18 damage, and now have 37/56 hp.
MASSIVE DAMAGE!! (PAUSE)
You slash the troll with your +0 vampiric long sword!
You feel better.
You slash the troll with your +0 heavy falchion!
The troll closely misses you. The troll claws you!
The troll claws you but does no damage. 😮 HP[-5]
You take 5 damage, and now have 32/56 hp.
You barely miss the troll with your +0 vampiric long sword.
You barely miss the troll with your +0 heavy falchion.
The troll barely misses you. x2; The troll claws you!
* * * LOW HITPOINT WARNING * * *
😨 HP[-7]
You take 7 damage, and now have 25/56 hp.
Unknown command.
You hit the troll with your +0 vampiric long sword.
You barely miss the troll with your +0 heavy falchion.
The troll closely misses you. The troll misses you. The troll claws you!
* * * LOW HITPOINT WARNING * * *
😨 HP[-8]
You take 8 damage, and now have 17/56 hp.
You barely miss the troll with your +0 vampiric long sword.
You barely miss the troll with your +0 heavy falchion.
The troll bites you!
* * * LOW HITPOINT WARNING * * *
The troll barely misses you. The troll claws you!
You die...

Skill      XL: |  1  2  3  4  5  6  7  8 |
---------------+-------------------------+-----
Long Blades    | 4 5 6 7 9 10 | 10.5
Fighting       | |  2.0
Throwing       | |  1.7
Dodging        | |  2.6

Action                     |  1- 3 |  4- 6 |  7- 9 || total
---------------------------+-------+-------+-------++-------
  Melee: Dagger            |    36 |       |       ||    36
         Long sword        |    59 |   112 |    88 ||   259
         Falchion          |    22 |   115 |    85 ||   222
    Use: Scroll            |     6 |     7 |     3 ||    16
         Potion            |       |     1 |     1 ||     2
   Stab: Sleeping          |     1 |     2 |       ||     3
 Armour: Leather armour    |    47 |   111 |    85 ||   243
  Dodge: Dodged            |    44 |    91 |    72 ||   207

Levels and vault maps discovered:
D:1:      dpeg_arrival_fog, layout_loops_corners, serial_bayou_pond_d
D:2:      layout_basic, st_stairs_11
D:3:      layout_basic, hellmonk_ecumenical_altar_prayer_group,
          gammafunk_ghost_nasty_kobolds, uniq_robin, uniq_crazy_yiuf_cottage,
          uniq_sigmund
D:4:      layout_rooms, uniq_duvessa, uniq_grinder, uniq_natasha
D:5:      layout_basic, lemuel_coloured_pillars_altar,
          minmay_temple_entry_slanted, serial_shops, nicolae_shop_crystal,
          st_stairs_12, uniq_eustachio
D:6:      layout_gridville, lemuel_crystal_altar, nemelex_diamond_rough_becter,
          dreamdust_princess_corridor, kennysheep_nub, uniq_menkaure
Temple:   nicolae_temple_god_jail

Notes
Turn   | Place    | Note
-------+----------+-------------------------------------------
     0 | D:1      | kae the Coglin Gladiator began the quest for the Orb.
     0 | D:1      | Reached XP level 1. HP: 16/16 MP: 1/1
     0 | D:1      | magus.rc [v1.11.3]
   161 | D:1      | Reached XP level 2. HP: 17/22 MP: 2/2
   165 | D:1      | You pick up a book of Displacement and begin reading...
   165 | D:1      | You add the spells Lesser Beckoning, Gell's Gravitas and
                  | Teleport Other to your library.
   510 | D:1      | You add the spells Foxfire, Searing Ray, Brom's Barrelling
                  | Boulder, Martyr's Knell and Summon Forest to your library.
   510 | D:1      | Got Sif Muna's Writings on the Illusory Discharge
   700 | D:1      | Reached skill level 4 in Long Blades
   700 | D:1      | Reached XP level 3. HP: 23/27 MP: 3/3
  1293 | D:2      | You pick up a book of the Tundra and begin reading...
  1293 | D:2      | You add the spells Hailstorm, Summon Ice Beast and Sculpt
                  | Simulacrum to your library.
  1319 | D:2      | You pick up a book of Displacement and begin reading...
  1599 | D:2      | Reached XP level 4. HP: 32/33 MP: 4/4
  1603 | D:2      | Reached skill level 5 in Long Blades
  1823 | D:3      | Reached XP level 5. HP: 28/38 MP: 5/5
  2018 | D:3      | Noticed Sigmund
  2208 | D:3      | Found a faded altar of an unknown god.
  2293 | D:3      | Found a runed translucent gate.
  2306 | D:3      | Found a runed translucent gate.
  2307 | D:3      | Found a runed translucent gate.
  2307 | D:3      | Noticed a kobold brigand
  2307 | D:3      | Noticed Nilihum's ghost (amateur CoAr)
  2378 | D:3      | HP: 7/38 [orc wizard/magic dart (6)]
  2385 | D:3      | Reached skill level 6 in Long Blades
  2559 | D:3      | Noticed Robin
  2572 | D:3      | Killed Robin
  2918 | D:3      | Reached XP level 6. HP: 44/44 MP: 6/6
  2981 | D:3      | Found a runed translucent door.
  2982 | D:3      | Noticed Crazy Yiuf
  3337 | D:4      | Noticed Natasha
  3351 | D:3      | Killed Natasha
  3513 | D:3      | HP: 9/44 [orc wizard/magic dart (7)]
  3670 | D:4      | You add the spells Tukima's Dance, Passage of Golubria and
                  | Yara's Violent Unravelling to your library.
  3789 | D:4      | Noticed Dowan
  3856 | D:4      | Killed Dowan
  3857 | D:4      | Reached skill level 7 in Long Blades
  3865 | D:4      | Noticed Duvessa
  4039 | D:5      | Entered Level 5 of the Dungeon
  4224 | D:5      | Reached XP level 7. HP: 30/50 MP: 7/7
  4351 | D:5      | Noticed Eustachio
  4377 | D:5      | Killed Eustachio
  4378 | D:5      | Reached skill level 8 in Long Blades
  4597 | D:5      | Found a staircase to the Ecumenical Temple.
  4664 | D:5      | Found Reef's Magic Scroll Shop.
  4672 | D:5      | Bought a scroll of blinking for 90 gold pieces
  4672 | D:5      | Bought a scroll of identify for 24 gold pieces
  4672 | D:5      | Bought a scroll of identify for 24 gold pieces
  4692 | Temple   | Entered the Ecumenical Temple
  4714 | Temple   | Became a worshipper of Warmaster Okawaru
  4753 | D:5      | Reached skill level 9 in Long Blades
  4753 | D:5      | HP: 11/50 [poisoned by a water moccasin]
  4879 | D:5      | Reached XP level 8. HP: 41/56 MP: 8/8
  5458 | D:5      | Found a stormy altar of Qazlal.
  5845 | D:6      | Reached skill level 10 in Long Blades
  5917 | D:6      | Reached * piety under Okawaru
  6112 | D:6      | Noticed a troll
  6125 | D:6      | HP: 1/56 [troll (16)]
  6125 | D:6      | Mangled by a troll

Vanquished Creatures
  Eustachio (D:5)
  2 water moccasins
  An ice beast (D:5)
  A centaur (D:5)
  An ogre (D:6)
  2 scorpions (D:5)
  Dowan (D:4)
  3 orc priests
  An iguana (D:5)
  6 orc wizards
  Natasha (D:3)
  Robin (D:3)
  6 adders
  2 gnolls
  2 ufetubi (D:6)
  A dart slug (D:1)
  25 orcs
  4 endoplasms
  3 giant cockroaches
  7 hobgoblins
  7 jackals
  5 kobolds
  2 quokkas
  7 ball pythons
  5 bats
  5 frilled lizards
  10 goblins
  4 rats
116 creatures vanquished.

Table legend:
 A = Non-vault XP
 B = Vault XP
 C = Vault XP percentage of total XP
 D = Non-vault monster count
 E = Vault monster count
 F = Vault count percentage of total count
                 A         B        C        D         E       F
            +---------+---------+-------+---------+---------+-------
      Total |    1478 |     355 |  19.4 |     101 |      15 |  12.9
            +---------+---------+-------+---------+---------+-------
        D:1 |      46 |       0 |   0.0 |      19 |       0 |   0.0
        D:2 |      84 |       4 |   4.5 |      19 |       3 |  13.6
        D:3 |     200 |      62 |  23.7 |      24 |       9 |  27.3
        D:4 |      50 |      72 |  59.0 |      13 |       1 |   7.1
        D:5 |     684 |     217 |  24.1 |      15 |       2 |  11.8
        D:6 |     414 |       0 |   0.0 |      11 |       0 |   0.0
            +---------+---------+-------+---------+---------+-------

Skill      XL: |  1  2  3  4  5  6  7  8 |
---------------+-------------------------+-----
Long Blades    | 4 5 6 7 9 10 | 10.5
Fighting       | |  2.0
Throwing       | |  1.7
Dodging        | |  2.6

Action                     |  1- 3 |  4- 6 |  7- 9 || total
---------------------------+-------+-------+-------++-------
  Melee: Dagger            |    36 |       |       ||    36
         Long sword        |    59 |   112 |    88 ||   259
         Falchion          |    22 |   115 |    85 ||   222
    Use: Scroll            |     6 |     7 |     3 ||    16
         Potion            |       |     1 |     1 ||     2
   Stab: Sleeping          |     1 |     2 |       ||     3
 Armour: Leather armour    |    47 |   111 |    85 ||   243
  Dodge: Dodged            |    44 |    91 |    72 ||   207

Illustrated notes

Table legend:
 A = Kills in this place as a percentage of kills in the entire game.
 B = Kills by you in this place as a percentage of kills by you in the entire game.
 C = Kills by friends in this place as a percentage of kills by friends in the entire game.
 D = Other kills in this place as a percentage of other kills in the entire game.
 E = Experience gained in this place as a percentage of experience gained in the entire game.
 F = Experience gained in this place divided by the number of levels of this place that you have seen.
                   A       B       C       D       E      F
               +-------+-------+-------+-------+-------+----------------------
         Total | 100.0 | 100.0 |   N/A |   N/A | 100.0 | 261.9
       Dungeon | 100.0 | 100.0 |   N/A |   N/A | 100.0 | 305.5
               +-------+-------+-------+-------+-------+----------------------

Table legend: (Time is in decaauts)
 A = Elapsed time spent in this place.
 B = Non-inter-level travel time spent in this place.
 C = Inter-level travel time spent in this place.
 D = Time resting spent in this place.
 E = Time spent auto-exploring this place.
 F = Levels seen in this place.
 G = Mean time per level.
                   A        B        C        D        E       F      G
               +--------+--------+--------+--------+--------+-----+--------+
         Total |   6155 |   5851 |    304 |    954 |   4112 |   7 |  879.3 |
       Dungeon |   6114 |   5844 |    270 |    954 |   4112 |   6 | 1019.0 |
        Temple |     40 |      7 |     33 |      0 |      0 |   1 |   40.0 |
               +--------+--------+--------+--------+--------+-----+--------+

Top non-repeatable levels by time:
     D:3: 1961 daAuts
     D:5: 1637 daAuts
     D:2: 924 daAuts
     D:1: 875 daAuts
     D:6: 403 daAuts
     D:4: 312 daAuts
  Temple: 40 daAuts
